 Dungeon Crawl Stone Soup version 0.19.1-1-g22dce08 (webtiles) character file.

2482 Explode1 the Carver (level 9, -7/78 HPs)
             Began as a Minotaur Fighter on Jan 4, 2017.
             Was a Believer of Okawaru.
             Mangled by an ogre
             ... wielding a +0 giant spiked club
              (19 damage)
             ... on level 7 of the Dungeon on Jan 10, 2017.
             The game lasted 00:51:25 (5738 turns).

Explode1 the Carver (Minotaur Fighter)              Turns: 5738, Time: 00:51:25

Health: -7/78      AC: 11    Str: 23 (24) XL:     9   Next: 27%
Magic:  11/11      EV:  6    Int:  4 (5)  God:    Okawaru [**....]
Gold:   217        SH:  9    Dex:  8 (10) Spells: 0 memorised, 8 levels left

rFire  . . .     SeeInvis .     a - +0 long sword
rCold  . . .     Gourm    .     B - +0 plate armour
rNeg   . . .     Faith    .     i - +0 shield
rPois  .         Spirit   .     (helmet restricted)
rElec  .         Reflect  .     (no cloak)
rCorr  .         Harm     .     (no gloves)
MR     .....                    p - +2 pair of boots
Stlth  ..........               v - amulet of regeneration
                                (no ring)
                                l - ring of stealth

@: no status effects
A: retaliatory headbutt, horns 2, blink, deformed body, subdued magic 1
a: Blink, Heroism, Renounce Religion


You were on level 7 of the Dungeon.
You worshipped Okawaru.
Okawaru was pleased with you.
You were hungry.

You visited 1 branch of the dungeon, and saw 7 of its levels.

You collected 547 gold pieces.
You spent 330 gold pieces at shops.

Inventory:

Hand Weapons
 a - a +0 long sword (weapon)
 o - a +0 hunting sling
Missiles
 d - 3 javelins (quivered)
Armour
 i - a +0 shield (worn)
 p - a +2 pair of boots (worn)
 B - a +0 plate armour (worn)
Jewellery
 l - a ring of stealth (left hand)
 v - an amulet of regeneration (around neck)
Scrolls
 b - a scroll of enchant armour {unknown}
 q - a scroll of blinking
 r - a scroll of amnesia
 s - a scroll of fog {unknown}
 t - 3 scrolls of magic mapping {unknown}
 w - 4 scrolls of identify
 x - a scroll of fear {unknown}
 y - 3 scrolls of remove curse
 z - a scroll of teleportation
Potions
 c - 2 potions of haste {unknown}
 e - a potion of heal wounds {unknown}
 h - a potion of mutation
 k - a potion of cure mutation
 A - 2 potions of ambrosia
Books
 g - a book of Air

   Spells                             Type                      Level
   a - Shock                          Conjuration/Air              1
   b - Swiftness                      Charms/Air                   2
   c - Repel Missiles                 Charms/Air                   2
   d - Static Discharge               Conjuration/Air              3
   e - Lightning Bolt                 Conjuration/Air              5
Comestibles
 f - 2 bread rations
 j - a beef jerky
 n - 5 fruits


   Skills:
 + Level 6.9 Fighting
 - Level 9.0 Long Blades
 - Level 7.0 Armour
 + Level 5.3 Dodging
 - Level 3.7 Shields
 + Level 5.1 Invocations


You had 8 spell levels left.
You didn't know any spells.

Dungeon Overview and Level Annotations

Branches:
Dungeon (7/15)             Temple (0/1) D:5

Altars:
Cheibriados
Elyvilon
Hepliaklqana
Nemelex Xobeh
Okawaru
Qazlal
Sif Muna
Trog
Vehumet

Shops:
D:6 =


Innate Abilities, Weirdness & Mutations

You reflexively headbutt those who attack you in melee.
You have a pair of horns on your head.
You can translocate small distances at will.
Armour fits poorly on your strangely shaped body.
Your spells are a little easier to cast, but a little less powerful.


Message History

The ogre hits you with a giant spiked club!!
You hit the ogre but do no damage.
The ogre is heavily wounded.
The orc priest calls down the wrath of Beogh upon you.
Beogh smites you!
The orc wizard gestures wildly while chanting.
The orc wizard blinks!
You closely miss the ogre.
The ogre is heavily wounded.
You block the orc priest's attack.
The ogre hits you with a giant spiked club!!
* * * LOW HITPOINT WARNING * * *
The orc wizard mumbles some strange words.
The orc wizard blinks!
It was a potion of degeneration.
There was something very wrong with that liquid.
You feel weakened.
You feel dopey.
You feel clumsy.
The orc priest hits you but does no damage.
The ogre hits you with a giant spiked club!!
You die...

#### #..# ## #..####
.#.#.#)##### ##.....#
......o@...##
#..###.##
.#.#§#O###..####.##
#..# ... ##††....##
##.# #.#.##
#####...####..
.§.......###..#.......
#.# #. #...>.########.
...
.....##........##.. o#
#. #.######....# #.
####..#..


You could see an ogre, an orc priest and an orc wizard.

Vanquished Creatures
  The ghost of Jatzack the Skirmisher, an amateur MiFi (D:4)
  Edmund (D:4)
  The ghost of Fallorn the Ruffian, an amateur TrMo (D:3)
  2 sky beasts
  An ogre (D:7)
  A phantom (D:6)
  A big kobold (D:6)
  A bullfrog (D:6)
  2 wyvern zombies (D:6)
  2 scorpions
  2 killer bees (D:5)
  2 howler monkeys
  An electric eel (D:6)
  A centaur zombie (D:7)
  6 crimson imps
  A quasit (D:6)
  2 hounds (D:6)
  A centaur skeleton (D:6)
  6 orc priests
  3 jellies
  A bullfrog skeleton (D:5)
  An iguana (D:7)
  2 orc wizards
  4 worker ants
  A worker ant zombie (D:5)
  6 adders
  17 gnolls
  A howler monkey skeleton (D:4)
  An ooze (D:1)
  2 worms (D:2)
  A dart slug (D:1)
  2 leopard geckos (D:1)
  15 orcs
  7 giant cockroaches
  35 goblins
  16 hobgoblins
  8 jackals (D:5)
  2 quokkas
  A ball python (D:3)
  6 bats
  3 frilled lizards
  2 giant cockroach zombies (D:6)
  6 kobolds
  11 rats
189 creatures vanquished.

Vanquished Creatures (others)
  An orc priest (D:6)
1 creature vanquished.

Grand Total: 190 creatures vanquished

Notes
Turn   | Place    | Note
-------+----------+-------------------------------------------
     0 | D:1      | Explode1 the Minotaur Fighter began the quest for the Orb.
     0 | D:1      | Reached XP level 1. HP: 19/19 MP: 0/0
   188 | D:1      | Reached skill level 3 in Long Blades
   188 | D:1      | Reached XP level 2. HP: 27/27 MP: 1/1
   793 | D:1      | Reached XP level 3. HP: 33/33 MP: 2/2
   975 | D:2      | Reached skill level 4 in Long Blades
  1051 | D:2      | Found a bloodstained altar of Trog.
  1051 | D:2      | Found a stormy altar of Qazlal.
  1074 | D:2      | Reached XP level 4. HP: 39/40 MP: 3/3
  1169 | D:2      | Reached skill level 5 in Long Blades
  1258 | D:2      | Found a sparkling altar of Nemelex Xobeh.
  1554 | D:3      | Found a deep blue altar of Sif Muna.
  1622 | D:3      | Found a faded altar of an unknown god.
  1679 | D:3      | Noticed Fallorn's ghost (amateur TrMo)
  1688 | D:3      | Killed Fallorn's ghost
  1688 | D:3      | Reached skill level 6 in Long Blades
  1688 | D:3      | Reached skill level 5 in Armour
  1688 | D:3      | Reached XP level 5. HP: 38/46 MP: 4/4
  1721 | D:3      | Found a sparkling altar of Nemelex Xobeh.
  2157 | D:4      | Found a snail-covered altar of Cheibriados.
  2211 | D:4      | Found a white marble altar of Elyvilon.
  2211 | D:4      | Noticed Edmund
  2237 | D:4      | Killed Edmund
  2237 | D:4      | Reached XP level 6. HP: 21/52 MP: 5/5
  2686 | D:4      | Noticed Jatzack's ghost (amateur MiFi)
  2703 | D:4      | Killed Jatzack's ghost
  2703 | D:4      | Reached skill level 7 in Long Blades
  2703 | D:4      | Reached XP level 7. HP: 37/58 MP: 6/6
  2863 | D:4      | Found an iron altar of Okawaru.
  2876 | D:4      | Became a worshipper of Warmaster Okawaru
  3086 | D:5      | Entered Level 5 of the Dungeon
  3158 | D:5      | Found a staircase to the Ecumenical Temple.
  3226 | D:5      | Reached skill level 8 in Long Blades
  3313 | D:5      | Found a runed door.
  3315 | D:5      | Found a runed door.
  3347 | D:5      | Reached skill level 9 in Long Blades
  3464 | D:5      | Reached * piety under Okawaru
  3648 | D:5      | Reached skill level 1 in Dodging
  3648 | D:5      | Reached skill level 1 in Invocations
  3655 | D:5      | Reached XP level 8. HP: 65/66 MP: 7/7
  4322 | D:6      | Reached skill level 5 in Fighting
  4430 | D:6      | Found Axo Cuse's Jewellery Emporium.
  4457 | D:6      | Bought an uncursed amulet of regeneration for 330 gold pieces
  4479 | D:6      | Found a radiant altar of Vehumet.
  4480 | D:6      | Found a hazy altar of Hepliaklqana.
  4514 | D:6      | Gained mutation: Armour fits poorly on your strangely shaped body. [potion of mutation]
  4514 | D:6      | Gained mutation: You can translocate small distances at will. [potion of mutation]
  4514 | D:6      | Gained mutation: Your spells are a little easier to cast, but a little less powerful. [potion of mutation]
  4820 | D:6      | Reached ** piety under Okawaru
  5157 | D:6      | Reached XP level 9. HP: 28/75 MP: 11/11
  5693 | D:7      | Reached skill level 5 in Dodging
  5703 | D:7      | Reached skill level 5 in Invocations
  5738 | D:7      | Mangled by an ogre

Skill      XL: |  1  2  3  4  5  6  7  8  9 |
---------------+----------------------------+-----
Long Blades    | 3 4 6 7 9 |  9.0
Armour         | 4 5 6 7 |  7.0
Fighting       | 4 6 |  6.9
Dodging        | 1 4 5 |  5.3
Invocations    | 1 4 5 |  5.1
Shields        | |  3.7

Action                   |  1- 3 |  4- 6 |  7- 9 || total
-------------------------+-------+-------+-------++-------
Melee: Long sword        |    62 |   105 |   428 ||   595
       Headbutt          |    11 |    20 |    77 ||   108
Throw: Javelin           |       |       |     7 ||     7
  Use: Scroll            |       |     4 |     5 ||     9
       Potion            |       |     3 |    10 ||    13
 Stab: Invisible         |       |     2 |       ||     2
  Eat: Chunk             |     1 |     3 |     3 ||     7
       Meat ration       |       |     1 |       ||     1
       Beef jerky        |       |       |     2 ||     2
       Fruit             |       |       |     1 ||     1
Armor: Scale mail        |    29 |    11 |       ||    40
       Chain mail        |       |    22 |    40 ||    62
       Plate armour      |       |       |   208 ||   208
Dodge: Dodged            |    17 |    33 |   102 ||   152
Block: Shield            |    33 |    42 |   224 ||   299
       Rpst.: Long sword |     2 |    10 |    23 ||    35
